 Dungeon Crawl Stone Soup version 0.22.1-2-g9c5b331 (webtiles) character file.

8968 Fang the Cleaver (level 11, -29/103 HPs)
             Began as a Gargoyle Berserker on Nov 13, 2018.
             Was a High Priest of Trog.
             Annihilated by a stone giant (31 damage)
             ... on level 10 of the Dungeon.
             The game lasted 00:11:34 (8856 turns).

Fang the Cleaver (Gargoyle Berserker)               Turns: 8856, Time: 00:11:34

Health: -29/103    AC: 26    Str: 29    XL:     11   Next: 39%
Magic:  3/3        EV: 10    Int:  8    God:    Trog [*****.]
Gold:   522        SH:  0    Dex: 15    Spells: 10/10 levels left

rFire    . . .     SeeInvis .   C - +5 battleaxe (antimagic)
rCold    . . .     Gourm    .   (shield currently unavailable)
rNeg     + . .     Faith    .   i - +1 plate armour
rPois    ∞         Spirit   .   (no helmet)
rElec    +         Reflect  .   z - +2 cloak
rCorr    .         Harm     .   (no gloves)
MR       .....                  (no boots)
Stlth    ..........             (no amulet)
HPRegen  0.27/turn              o - +6 ring of dexterity
MPRegen  0.08/turn              E - +1 ring of evasion

@: berserking, starving, very quick
A: negative energy resistance 1, electricity resistance, unbreathing,
petrification resistance, rot immunity, AC +8
a: Berserk, Trog's Hand, Brothers in Arms, Renounce Religion


You were on level 10 of the Dungeon.
You worshipped Trog.
Trog was extremely pleased with you.
You were starving.

You visited 2 branches of the dungeon, and saw 11 of its levels.

You collected 642 gold pieces.
You spent 120 gold pieces at shops.

Inventory:

Hand Weapons
 a - a +0 hand axe
 g - a +3 hand axe of electrocution
 C - a +5 antimagic battleaxe (weapon)
Armour
 i - a +1 plate armour (worn)
 z - a +2 cloak (worn)
Jewellery
 b - an uncursed ring of stealth
 o - a +6 ring of dexterity (left hand)
 E - a +1 ring of evasion (right hand)
Wands
 p - a wand of enslavement (3)
 x - a wand of paralysis (4)
 B - a wand of flame (32)
 D - a wand of disintegration (18)
Scrolls
 f - 4 scrolls of identify
 h - 2 scrolls of teleportation
 m - a scroll of fog
 n - 2 scrolls of immolation
 s - 4 scrolls of remove curse
 u - a scroll of vulnerability {unknown}
 y - a scroll of enchant weapon
 F - a scroll of enchant armour
Potions
 d - 3 potions of lignification {unknown}
 e - 3 potions of curing {unknown}
 j - 4 potions of flight
 k - 2 potions of haste {unknown}
 l - 3 potions of might {unknown}
 q - 5 potions of heal wounds
 r - 2 potions of agility {unknown}
 t - a potion of resistance {unknown}
 w - a potion of degeneration {unknown}
 A - a potion of invisibility
Comestibles
 c - 19 rations


   Skills:
 + Level 8.7 Fighting
 + Level 11.9 Axes
 + Level 9.7 Armour
 + Level 2.9 Dodging
 + Level 1.8 Stealth


You had 10 spell levels left.
You didn't know any spells.
Your spell library was empty.

Dungeon Overview and Level Annotations

Branches:
Dungeon (10/15)            Temple (1/1) D:6            Lair (0/6) D:9
    Orc: D:9-12

Altars:
Ashenzari
Cheibriados
Dithmenos
Elyvilon
Gozag
Kikubaaqudgha
Nemelex Xobeh
Okawaru
Uskayaw
The Shining One

Shops:
D:9 !


Innate Abilities, Weirdness & Mutations

You are resistant to torment.
Your stone body is resilient. (AC +8)
You are immune to poison.
You resist negative energy. (rN+)
You are resistant to electric shocks. (rElec)
You can survive without breathing.
You are immune to petrification.
You are immune to rotting.


Message History

You are too injured to fight recklessly!
You are too injured to fight recklessly!
You are too injured to fight recklessly!
Unknown command.
Unknown command.
You are too injured to fight recklessly!
Unknown command.
You are too injured to fight recklessly!
Unknown command.
A red film seems to cover your vision as you go berserk!
You feel yourself moving faster!
You feel mighty!
You are starving!
The stone giant hits you!!
* * * LOW HITPOINT WARNING * * *
You hear a shout!
You hit the stone giant.
The stone giant is heavily wounded.
You hit the deep troll earth mage but do no damage.
The stone giant hits you!!
You die...

#.# #.### #.###..#.
##...##)# ##.#####
#.#.## #....##
######### #......
#...#.:.# #....##
#(..@C..# #.#.###
#...#T..# #.....#
#...##..# #.#.#.#
##..# ..# #...#>#
#..###.# #.#.#.#
#..#.##. #.....#
##)'..##. ###.###
#.#...### #...###
####'##########....


You could see a stone giant and a deep troll earth mage.

Vanquished Creatures
  Gastronok (D:8)
  A two-headed ogre (D:10)
  A tengu warrior (D:10)
  A harpy (D:10)
  Maurice (D:8)
  A troll (D:9)
  A merfolk (D:9)
  2 hippogriffs
  A yak (shapeshifter) (D:10)
  A hungry ghost (D:10)
  A basilisk (D:10)
  A water moccasin (D:5)
  Purgy (D:3)
  3 sky beasts
  A black bear (D:7)
  A necrophage (D:7)
  An orc warrior (D:6)
  2 ice beasts
  3 phantoms
  3 ogres
  A centaur (D:10)
  2 wolves (D:9)
  A big kobold (D:8)
  7 bullfrogs
  A gnoll sergeant (D:9)
  11 scorpions
  3 wights (D:9)
  4 electric eels (D:9)
  4 crimson imps
  A centaur zombie (D:5)
  A jelly (D:10)
  A bullfrog zombie (D:6)
  9 hounds
  7 orc wizards
  4 orc priests
  2 iguanas
  5 worker ants
  A hound zombie (D:3)
  A worker ant zombie (D:9)
  10 gnolls
  13 adders
  2 shadow imps (D:5)
  An adder skeleton (D:5)
  A worm (D:3)
  2 dart slugs (D:2)
  8 leopard geckos
  19 orcs
  3 ball pythons
  4 giant cockroaches
  13 goblins
  9 hobgoblins
  3 jackals (D:4)
  12 kobolds
  5 quokkas
  13 bats
  5 frilled lizards
  A jackal skeleton (D:4)
  7 rats
  A fungus (D:6)
226 creatures vanquished.

Vanquished Creatures (others)
  A gnoll (D:9)
  A fungus (D:6)
2 creatures vanquished.

Grand Total: 228 creatures vanquished

Notes
Turn   | Place    | Note
-------+----------+-------------------------------------------
     0 | D:1      | Fang the Gargoyle Berserker began the quest for the Orb.
     0 | D:1      | Reached XP level 1. HP: 14/14 MP: 1/1
    63 | D:1      | Reached XP level 2. HP: 15/19 MP: 2/2
   355 | D:1      | Reached skill level 3 in Axes
   472 | D:1      | Reached XP level 3. HP: 18/24 MP: 3/3
   784 | D:2      | Reached ** piety under Trog
   903 | D:2      | Reached XP level 4. HP: 29/29 MP: 4/4
   986 | D:2      | Found a shattered altar of Ashenzari.
  1239 | D:2      | Reached XP level 5. HP: 17/33 MP: 5/5
  1611 | D:2      | Reached skill level 4 in Axes
  2049 | D:3      | Noticed Purgy
  2053 | D:3      | Killed Purgy
  2053 | D:3      | Reached skill level 1 in Stealth
  2053 | D:3      | Reached XP level 6. HP: 32/39 MP: 6/6
  2100 | D:3      | Reached *** piety under Trog
  2445 | D:4      | Reached skill level 5 in Axes
  2448 | D:4      | Reached XP level 7. HP: 35/44 MP: 7/7
  2938 | D:4      | Reached skill level 6 in Axes
  3285 | D:5      | Entered Level 5 of the Dungeon
  3300 | D:5      | Reached skill level 5 in Armour
  3302 | D:5      | Reached XP level 8. HP: 28/48 MP: 8/8
  3508 | D:5      | Reached skill level 5 in Fighting
  3550 | D:5      | Reached skill level 7 in Axes
  4100 | D:6      | Found a staircase to the Ecumenical Temple.
  4147 | D:6      | Found an iron altar of Okawaru.
  4186 | D:6      | Reached **** piety under Trog
  4356 | Temple   | Entered the Ecumenical Temple
  4936 | D:6      | Reached skill level 8 in Axes
  4936 | D:6      | Reached XP level 9. HP: 50/54 MP: 9/9
  5132 | D:6      | Received a gift from Trog
  5183 | D:6      | Found the +7 Singing Sword
  5824 | D:7      | Reached skill level 9 in Axes
  6137 | D:8      | Noticed Maurice
  6164 | D:8      | Killed Maurice
  6256 | D:8      | Noticed Gastronok
  6260 | D:8      | Reached XP level 10. HP: 59/61 MP: 10/10
  6276 | D:8      | Killed Gastronok
  6276 | D:8      | Reached skill level 10 in Axes
  6590 | D:8      | Found a glowing golden altar of the Shining One.
  6759 | D:9      | Reached ***** piety under Trog
  6768 | D:9      | Reached skill level 11 in Axes
  6790 | D:9      | Found a staircase to the Lair.
  7373 | D:9      | Found an ancient bone altar of Kikubaaqudgha.
  7374 | D:9      | Found a white marble altar of Elyvilon.
  7375 | D:9      | Found a shadowy altar of Dithmenos.
  7375 | D:9      | Found a hide-covered altar of Uskayaw.
  7377 | D:9      | Found a sparkling altar of Nemelex Xobeh.
  7377 | D:9      | Found an opulent altar of Gozag.
  7378 | D:9      | Found a snail-covered altar of Cheibriados.
  7447 | D:9      | Reached XP level 11. HP: 63/68 MP: 11/11
  7515 | D:9      | Found Qeacuynn's Distillery.
  7529 | D:9      | Bought a potion of heal wounds for 60 gold pieces
  7529 | D:9      | Bought a potion of heal wounds for 60 gold pieces
  8020 | D:10     | Entered Level 10 of the Dungeon
  8041 | D:10     | Noticed a two-headed ogre
  8059 | D:10     | Killed a two-headed ogre
  8573 | D:10     | Received a gift from Trog
  8782 | D:10     | Noticed a tengu warrior
  8793 | D:10     | Killed a tengu warrior
  8847 | D:10     | Noticed a stone giant
  8847 | D:10     | Noticed a harpy
  8848 | D:10     | Killed a harpy
  8851 | D:10     | Noticed a deep troll earth mage
  8855 | D:10     | HP: 2/103 [stone giant (24)]
  8856 | D:10     | Annihilated by a stone giant

Skill      XL: |  1  2  3  4  5  6  7  8  9 10 |
---------------+-------------------------------+-----
Axes           | 3 4 5 6 8 9 11 | 11.9
Dodging        | 2 |  2.9
Fighting       | 4 5 6 8 |  8.7
Armour         | 3 4 5 6 7 9 |  9.7
Stealth        | 1 |  1.8

Action                   |  1- 3 |  4- 6 |  7- 9 | 10-12 || total
-------------------------+-------+-------+-------+-------++-------
Melee: Hand axe          |    80 |   145 |   320 |   225 ||   770
       Battleaxe         |       |       |       |    17 ||    17
Invok: Berserk           |     1 |     2 |     4 |     4 ||    11
  Use: Scroll            |       |       |       |    10 ||    10
  Eat: Chunk             |     1 |     6 |    14 |     8 ||    29
       Ration            |       |       |     1 |     1 ||     2
Armor: Animal skin       |    18 |       |       |       ||    18
       Plate armour      |    11 |   135 |   179 |   138 ||   463
Dodge: Dodged            |    54 |    49 |    95 |    88 ||   286
